 Dungeon Crawl Stone Soup version 0.30-a0-702-gdf48620a09 (webtiles) character file.

Game seed: 7740996156494618782

3771 kae the Changer (level 9, -2/70 HPs)
             Began as a Demonspawn Transmuter on Jan 21, 2023.
             Was an Initiate of Ru.
             Slain by an iguana (7 damage)
             ... on level 7 of the Dungeon.
             The game lasted 00:08:59 (6445 turns).

kae the Changer (Demonspawn Transmuter)             Turns: 6445, Time: 00:09:00

Health: -2/70      AC: 12    Str: 14    XL:     9   Next: 94%
Magic:  17/17      EV: 10    Int: 18    God:    Ru [......]
Gold:   566        SH:  0    Dex: 13    Spells: 9/19 levels left

rFire   x . .      SeeInvis +      - Unarmed
rCold   + + +      Faith    .    (shield currently unavailable)
rNeg    . . .      Spirit   .    (body armour currently unavailable)
rPois   +          Reflect  .    (helmet currently unavailable)
rElec   .          Harm     .    (cloak currently unavailable)
rCorr   .          Rampage  .    (gloves currently unavailable)
Will    .....                    (boots currently unavailable)
Stlth   +                        (no amulet)
HPRegen 0.31/turn                O - +4 ring of protection
MPRegen 0.15/turn                v - ring of see invisible

@: ice-form, wereblooded
A: freezing attack, amphibious, boosted hp, large, (horns 2), powered by pain 1,
(spiny 2), big brain 1, passive freeze
a: End Transformation, Renounce Religion


You were on level 7 of the Dungeon.
You worshipped Ru.
Ru was noncommittal.
You were a creature of crystalline ice.
You visited 2 branches of the dungeon, and saw 8 of its levels.
You also visited: Sewer.

You collected 566 gold pieces.


Innate Abilities, Weirdness & Mutations

You are a creature of crystalline ice.
You have a powerful freezing melee attack.
You are amphibious.
Your maximum health is increased.
Your armour is entirely melded.
You are incapable of wielding weapons or throwing items.
((You have a pair of horns on your head.))
You sometimes gain a little power by taking damage.
((You are mostly covered in sharp spines.))
You have an unusually large brain. (Int +2)
A frigid envelope surrounds you and freezes all who hurt you.


   Skills:
 - Level 1.0 Fighting
 - Level 1.7 Dodging
 + Level 6.0 Unarmed Combat
 + Level 5.6 Spellcasting
 * Level 7.9 Transmutations
 * Level 6.4 Ice Magic
 - Level 3.3 Poison Magic


You had 9 spell levels left.
You knew the following spells:

 Your Spells              Type           Power      Damage    Failure   Level
a - Beastly Appendage     Tmut           66%        N/A       1%          1
b - Wereblood             Tmut           33%        N/A       1%          2
c - Spider Form           Tmut/Pois      25%        N/A       3%          3
d - Ice Form              Ice/Tmut       31%        N/A       6%          4

Your spell library contained the following spells:

 Spells                   Type           Power      Damage    Failure   Level
 Summon Guardian Golem    Hex/Summ       5%         N/A       36%         3
 Orb of Destruction       Conj           2%         9d5       100%        7
 Spellforged Servitor     Conj/Summ      2%         N/A       100%        7

Inventory:

Missiles
 e - 4 boomerangs
 g - 14 poisoned darts
 i - 75 stones
 B - 2 curare-tipped darts {=f}
Armour
 a - a +0 robe (melded)
 D - a +0 cloak (melded)
   (You took it off Crazy Yiuf on level 6 of the Dungeon)
Jewellery
 t - a ring of willpower
   (You found it on level 5 of the Dungeon)
 v - a ring of see invisible (right front paw)
   (You found it on level 2 of the Dungeon)
 O - a +4 ring of protection (left front paw)
   (You found it on level 1 of the Dungeon)
Wands
 d - a wand of flame (14)
   (You took it off Grinder on level 3 of the Dungeon)
 r - a wand of paralysis (7)
   (You found it in a sewer)
 s - a wand of roots (24)
   (You found it on level 4 of the Dungeon)
 z - a wand of digging (7)
   (You found it on level 6 of the Dungeon)
Scrolls
 c - 2 scrolls of fear
 j - 6 scrolls of identify {@r1}
 l - 2 scrolls of noise {!r}
 m - a scroll of teleportation {@r4}
 p - a scroll of fog
 w - a scroll of brand weapon {unknown}
 y - a scroll of immolation {unknown}
 A - a scroll of blinking {unknown}
 E - a scroll of magic mapping {unknown}
 G - a scroll of amnesia {unknown}
Potions
 b - a potion of lignification {!q}
 f - a potion of attraction {!q}
 h - a potion of might
 k - 3 potions of curing {@q1}
 n - 3 potions of degeneration {!q}
 o - 2 potions of heal wounds {@q2}
 q - a potion of berserk rage {!q}
 u - a potion of invisibility {unknown}
 x - 2 potions of flight
 C - a potion of resistance {unknown}
 F - a potion of haste {unknown}

Dungeon Overview and Level Annotations

Branches:
Dungeon (7/15) Zot: 26611  Temple (1/1) D:5 Zot: 5770   Sewer (visited)

Altars:
Ashenzari
Cheibriados
Dithmenos
Gozag
Hepliaklqana
Kikubaaqudgha
Nemelex Xobeh
Okawaru
Qazlal
Ru
Sif Muna
Trog
Uskayaw
Vehumet
Wu Jian
Xom
Yredelemnul

Annotations:
D:1 1 transporter

.........##..........#......#....
..........#...#.#...........##..>
.......##.#..####...........##.##
.......# ..... #...............##
.......# .. #...........###...
#.!........##.....
##......##.........
#.......##......... #.Y..<.<)#
........ ......l)................
.......:................
.......o........#...#...
..............# .##..........##
#.........## #.........#


You could see an iguana and an orc.


Message History

The jelly completely misses you.
You punch the jelly! You freeze the jelly.
You kill the jelly!
A necrophage is nearby! 😎 MP[+1]
A necrophage is nearby!
The necrophage hits you but does no damage.
You punch the necrophage!
The necrophage hits you but does no damage.
The necrophage resists.
The necrophage is very cold.
A necrophage is nearby!
You punch the necrophage! You freeze the necrophage.
The necrophage hits you but does no damage.
The necrophage resists.
The necrophage is very cold.
You hit the necrophage.
You destroy the necrophage!
Key pressed, stopping explore.
No target in view!
No target in view! 😎 MP[+1]
Your transformation is almost over.
You warm up again.
Your +0 cloak unmelds from your body.
Your +0 robe unmelds from your body.
Found an escape hatch in the ceiling.
Found a stone staircase leading up. 😎 HP[-11] MP[+4]
You now have 59 max hp (-11).
Your mp is fully restored (17).
Joseph, a Mercenary comes into view.
He is wielding a +0 quarterstaff.
Joseph shouts!
You hear a shout! x2
Joseph unwields a +0 quarterstaff.
Joseph wields a +0 sling.
Joseph shoots a sling bullet.
The sling bullet closely misses you.
Joseph is nearby!
Joseph is nearby!
Joseph is nearby!
Casting: Ice Form (dangerous; 6% risk of failure)
Confirm with . or Enter, or press ? or * to list all spells.
You turn into a creature of crystalline ice.
Your +0 cloak melds into your body.
Your +0 robe melds into your body.
Joseph shoots a sling bullet.
The sling bullet hits you! 😕 HP[+2] MP[-4]
You now have 70 max hp (+11).
You regained 2 hp, and now have 61/70 hp.
You lost 4 mp, and now have 13/17 mp.
Casting: Ice Form (dangerous; 6% risk of failure)
Confirm with . or Enter, or press ? or * to list all spells.
Your blood is infused with primal strength.
Joseph shoots a sling bullet.
The sling bullet hits you!
You focus on the pain.
You feel your power returning.
Joseph shoots a sling bullet.
The sling bullet closely misses you. 😮 HP[-13] MP[+4]
You take 13 damage, and now have 48/70 hp.
Your mp is fully restored (17).
Joseph shoots a sling bullet.
The sling bullet closely misses you.
An iguana comes into view.
Joseph shoots a sling bullet.
The sling bullet hits you. 😮 HP[-5]
You take 5 damage, and now have 43/70 hp.
Joseph shoots a sling bullet.
The sling bullet hits you but does no damage.
The iguana hisses angrily. 😮 HP[+1] Joseph shoots a sling bullet.
The sling bullet hits you. 😮 HP[-5]
You take 5 damage, and now have 39/70 hp.
The iguana bites you but does no damage.
The iguana is very cold.
An orc comes into view. It is wielding a +0 trident.
Joseph unwields a +0 sling.
Joseph wields a +0 quarterstaff.
Joseph hits you with a +0 quarterstaff!
* * * LOW HITPOINT WARNING * * *
Joseph is very cold. 😨 HP[-8]
You take 8 damage, and now have 31/70 hp.
You hit Joseph. You freeze Joseph. The iguana bites you!
* * * LOW HITPOINT WARNING * * *
The iguana is very cold.
The iguana seems to slow down.
Joseph hits you with a +0 quarterstaff!
* * * LOW HITPOINT WARNING * * *
Joseph is very cold. 😱 HP[-16]
You take 16 damage, and now have 15/70 hp.
MASSIVE DAMAGE!! (PAUSE)
You punch Joseph! You freeze Joseph. The iguana closely misses you.
Joseph hits you with a +0 quarterstaff.
* * * LOW HITPOINT WARNING * * *
Joseph is very cold. 😱 HP[-5]
You take 5 damage, and now have 10/70 hp.
Unknown command.
You hit Joseph. You freeze Joseph.
The iguana is no longer moving slowly.
Unknown command.
You punch Joseph! You freeze Joseph. Joseph hits you with a +0 quarterstaff!
* * * LOW HITPOINT WARNING * * *
Joseph is very cold.
The iguana barely misses you. 😱 HP[-7]
You take 7 damage, and now have 3/70 hp.
Unknown command.
You punch Joseph! You freeze Joseph.
You feel a bit better.
You kill Joseph!
The iguana bites you!
You die...

Skill      XL: |  1  2  3  4  5  6  7  8  9 |
---------------+----------------------------+-----
Transmutations | 2 3 4 5 6 7 |  7.9
Unarmed Combat | 3 4 5 6 |  6.0
Poison Magic   | 1 2 3 |  3.3
Spellcasting   | 3 4 5 |  5.6
Ice Magic      | 2 4 6 |  6.4
Fighting       | |  1.0
Dodging        | |  1.7

Action                   |  1- 3 |  4- 6 |  7- 9 || total
-------------------------+-------+-------+-------++-------
Melee: Unarmed           |   127 |    66 |   184 ||   377
       Kick              |    13 |     2 |       ||    15
       Punch             |     1 |     1 |       ||     2
       Headbutt          |    14 |     4 |       ||    18
 Cast: Beastly Appendage |    14 |     7 |     2 ||    23
       Spider Form       |     2 |     9 |     8 ||    19
       Wereblood         |     1 |     2 |     8 ||    11
       Ice Form          |       |       |    25 ||    25
Invok: Reject Sacrifices |       |       |     1 ||     1
 Abil: End Transformatio |       |       |     1 ||     1
  Use: Scroll            |     2 |     5 |       ||     7
       Potion            |       |     7 |       ||     7
 Stab: Sleeping          |     1 |       |       ||     1
Armor: Robe              |    63 |     7 |     3 ||    73
       Skin              |     3 |    10 |    85 ||    98
Dodge: Dodged            |   107 |    39 |   110 ||   256

Levels and vault maps discovered:
D:1:      spicycebolla_arrival_risky_transporter, layout_basic,
          chequers_ecumenical_altar_twisty, grunt_decor_arrowhead
D:2:      layout_loops_ring, grunt_ministairs_12, uniq_terence, uniq_robin
D:3:      layout_loops_ring, eino_tiny_chamber, uniq_natasha, uniq_jessica,
          uniq_grinder
D:4:      layout_gridville, portal_sewer_entry_d, grunt_decor_mini_mirrors,
          uniq_menkaure
D:5:      layout_rooms, chequers_temple_overflow_statue_of_worship,
          mainiacjoe_overflow_surrounded_room, minmay_temple_entry_purple_smoke,
          grunt_decor_junction, minmay_ruined_shrine, uniq_prince_ribbit1,
          uniq_blork_the_orc, uniq_eustachio
D:6:      layout_basic, uniq_crazy_yiuf_cottage, uniq_maggie
D:7:      layout_cave_pools, uniq_joseph
Temple:   bh_familiar_temple

Notes
Turn   | Place    | Note
-------+----------+-------------------------------------------
     0 | D:1      | kae the Demonspawn Transmuter began the quest for the Orb.
     0 | D:1      | Reached XP level 1. HP: 15/15 MP: 3/3
     0 | D:1      | magus.rc [v1.11.3]
   242 | D:1      | Reached skill level 2 in Transmutations
   256 | D:1      | Gained mutation: You have a pair of small horns on your
                  | head. [demonic ancestry]
   256 | D:1      | Reached XP level 2. HP: 18/21 MP: 5/5
   505 | D:1      | Found a faded altar of an unknown god.
   709 | D:2      | Learned a level 2 spell: Wereblood
   727 | D:2      | Reached skill level 3 in Unarmed Combat
   737 | D:2      | Reached XP level 3. HP: 26/26 MP: 4/6
   741 | D:2      | Learned a level 3 spell: Spider Form
   913 | D:2      | Noticed Terence
  1108 | D:2      | Noticed Robin
  1115 | D:2      | Reached skill level 1 in Poison Magic
  1137 | D:2      | Killed Robin
  1138 | D:2      | Gained mutation: You sometimes gain a little power by
                  | taking damage. [demonic ancestry]
  1138 | D:2      | Reached XP level 4. HP: 24/32 MP: 3/7
  1358 | D:2      | Reached skill level 3 in Transmutations
  1760 | D:3      | Noticed Grinder
  1763 | D:3      | Gained mutation: A frigid envelope surrounds you and
                  | freezes all who hurt you. [potion of mutation]
  1763 | D:3      | Gained mutation: You have a pair of horns on your head.
                  | [potion of mutation]
  1771 | D:3      | Killed Grinder
  1772 | D:3      | Reached skill level 3 in Spellcasting
  1772 | D:3      | Reached skill level 2 in Poison Magic
  1772 | D:3      | Reached XP level 5. HP: 37/37 MP: 7/9
  1772 | D:3      | Gained mutation: You have an unusually large brain. (Int
                  | +2) [demonic ancestry]
  1772 | D:3      | Reached XP level 6. HP: 43/43 MP: 7/10
  2048 | D:3      | Noticed Jessica
  2056 | D:3      | Killed Jessica
  2057 | D:3      | Reached skill level 4 in Transmutations
  2057 | D:3      | Reached skill level 3 in Poison Magic
  2077 | D:3      | Noticed Natasha
  2082 | D:3      | Killed Natasha
  2220 | D:3      | Killed Terence
  2394 | D:3      | Noticed Natasha
  2400 | D:3      | Killed Natasha
  2520 | D:3      | Noticed Natasha
  2528 | D:3      | Killed Natasha
  2675 | D:3      | Learned a level 4 spell: Ice Form
  2807 | D:4      | Gained mutation: You are partially covered in sharp spines.
                  | [demonic ancestry]
  2807 | D:4      | Reached XP level 7. HP: 48/48 MP: 6/12
  2911 | D:4      | Reached skill level 1 in Ice Magic
  2913 | D:4      | Reached skill level 4 in Unarmed Combat
  2945 | D:4      | Found a glowing drain.
  3083 | Sewer    | Entered a sewer
  3142 | Sewer    | Reached skill level 5 in Transmutations
  3142 | Sewer    | Reached skill level 2 in Ice Magic
  3312 | D:4      | Noticed Menkaure
  3315 | D:4      | Killed Menkaure
  3338 | D:4      | Mutation became permanent: You have a pair of small horns
                  | on your head. [demonic ancestry]
  3338 | D:4      | Gained mutation: You have a pair of horns on your head.
                  | [demonic ancestry]
  3338 | D:4      | Reached XP level 8. HP: 53/54 MP: 11/13
  3339 | D:4      | Reached skill level 3 in Ice Magic
  3554 | D:4      | Identified the +0 ring mail "Depo" {Harm}
  3884 | D:5      | Entered Level 5 of the Dungeon
  3892 | D:5      | Reached skill level 4 in Spellcasting
  4028 | D:5      | Found a staircase to the Ecumenical Temple.
  4075 | D:5      | Reached skill level 6 in Transmutations
  4091 | D:5      | Noticed Prince Ribbit
  4101 | D:5      | Killed Prince Ribbit
  4102 | D:5      | Reached skill level 5 in Unarmed Combat
  4102 | D:5      | Reached skill level 4 in Ice Magic
  4116 | Temple   | Entered the Ecumenical Temple
  4316 | Temple   | Became a worshipper of Ru the Awakened
  4383 | D:5      | Identified the +4 hand axe of Demand {flame, rF+}
  4394 | D:5      | Found a basalt altar of Yredelemnul.
  4438 | D:5      | Noticed Blork the orc
  4445 | D:5      | Killed Blork the orc
  4598 | D:5      | Noticed Eustachio
  4605 | D:5      | Killed Eustachio
  4724 | D:5      | Found a shadowy altar of Dithmenos.
  4736 | D:5      | Gained mutation: You are mostly covered in sharp spines.
                  | [demonic ancestry]
  4736 | D:5      | Reached XP level 9. HP: 57/59 MP: 11/16
  4791 | D:5      | You pick up a book of Dangerous Friends and begin
                  | reading...
  4791 | D:5      | You add the spells Summon Guardian Golem, Orb of
                  | Destruction and Spellforged Servitor to your library.
  4802 | D:5      | Found a bloodstained altar of Trog.
  5092 | D:6      | Reached skill level 5 in Ice Magic
  5105 | D:6      | Noticed Maggie
  5118 | D:6      | Killed Maggie
  5119 | D:6      | Reached skill level 5 in Spellcasting
  5119 | D:6      | Reached skill level 7 in Transmutations
  5986 | D:6      | Found a runed translucent door.
  5987 | D:6      | Noticed Crazy Yiuf
  5996 | D:6      | Killed Crazy Yiuf
  6111 | D:7      | Reached skill level 6 in Ice Magic
  6247 | D:7      | Reached skill level 6 in Unarmed Combat
  6431 | D:7      | Noticed Joseph
  6441 | D:7      | HP: 15/70 [Joseph/+0 quarterstaff (7)]
  6444 | D:7      | HP: 3/70 [Joseph/+0 quarterstaff (7)]
  6445 | D:7      | Killed Joseph
  6445 | D:7      | Slain by an iguana

Vanquished Creatures
  Joseph (D:7)
  Maggie (D:6)
  Prince Ribbit (D:5)
  Grinder (D:3)
  Eustachio (D:5)
  2 steam dragons
  Menkaure (D:4)
  2 water moccasins
  An orc warrior (D:6)
  2 sky beasts
  2 ice beasts (D:7)
  2 ogres
  A black bear (D:5)
  2 bullfrogs
  3 kobold brigands
  Blork the orc (D:5)
  2 necrophages
  2 scorpions
  6 hounds
  2 jellies
  Crazy Yiuf (D:6)
  2 orc priests
  3 gnoll boudas
  Jessica (D:3)
  Natasha (thrice) (D:3)
  Terence (D:3)
  2 iguanas
  4 orc wizards
  Robin (D:2)
  6 gnolls
  9 adders
  2 white imps
  An ufetubus (D:5)
  2 dart slugs (D:1)
  25 orcs
  5 ball pythons
  5 endoplasms
  3 giant cockroaches
  17 goblins
  9 hobgoblins
  6 jackals
  4 quokkas
  9 bats
  4 frilled lizards
  15 kobolds
  2 rats
178 creatures vanquished.

Table legend:
 A = Non-vault XP
 B = Vault XP
 C = Vault XP percentage of total XP
 D = Non-vault monster count
 E = Vault monster count
 F = Vault count percentage of total count
                 A         B        C        D         E       F
            +---------+---------+-------+---------+---------+-------
      Total |    3420 |    2454 |  41.8 |     139 |      39 |  21.9
            +---------+---------+-------+---------+---------+-------
        D:1 |      24 |       0 |   0.0 |      11 |       0 |   0.0
        D:2 |      54 |      43 |  44.3 |      26 |      15 |  36.6
        D:3 |     127 |     376 |  74.8 |      11 |       4 |  26.7
        D:4 |     542 |     188 |  25.8 |      26 |       2 |   7.1
        D:5 |     714 |     756 |  51.4 |      20 |       9 |  31.0
        D:6 |     975 |     445 |  31.3 |      31 |       2 |   6.1
        D:7 |     984 |     486 |  33.1 |      14 |       1 |   6.7
      Sewer |       0 |     160 | 100.0 |       0 |       6 | 100.0
            +---------+---------+-------+---------+---------+-------

Illustrated notes

Table legend:
 A = Kills in this place as a percentage of kills in entire the game.
 B = Kills by you in this place as a percentage of kills by you in the entire game.
 C = Kills by friends in this place as a percentage of kills by friends in the entire game.
 D = Other kills in this place as a percentage of other kills in the entire game.
 E = Experience gained in this place as a percentage of experience gained in the entire game.
 F = Experience gained in this place divided by the number of levels of this place that you have seen.
                   A       B       C       D       E      F
               +-------+-------+-------+-------+-------+----------------------
         Total | 100.0 | 100.0 |   N/A |   N/A | 100.0 | 652.7
       Dungeon |  96.6 |  96.6 |   N/A |   N/A |  97.3 | 816.3
         Sewer |   3.4 |   3.4 |   N/A |   N/A |   2.7 | 160.0
               +-------+-------+-------+-------+-------+----------------------

Table legend: (Time is in decaauts)
 A = Elapsed time spent in this place.
 B = Non-inter-level travel time spent in this place.
 C = Inter-level travel time spent in this place.
 D = Time resting spent in this place.
 E = Time spent auto-exploring this place.
 F = Levels seen in this place.
 G = Mean time per level.
                   A        B        C        D        E       F      G
               +--------+--------+--------+--------+--------+-----+--------+
         Total |   6431 |   6104 |    327 |     57 |   5018 |   9 |  714.6 |
       Dungeon |   6032 |   5772 |    260 |     27 |   4764 |   7 |  861.7 |
        Temple |    229 |    163 |     66 |      0 |    156 |   1 |  229.0 |
         Sewer |    169 |    169 |      0 |     30 |     98 |   1 |  169.0 |
               +--------+--------+--------+--------+--------+-----+--------+

Top non-repeatable levels by time:
     D:6: 1032 daAuts
     D:3: 1015 daAuts
     D:2: 1000 daAuts
     D:4: 999 daAuts
     D:5: 896 daAuts
     D:1: 700 daAuts
     D:7: 388 daAuts
  Temple: 229 daAuts
   Sewer: 169 daAuts
